 Dungeon Crawl Stone Soup version 0.28.0-53-g5a82cb258f (webtiles) character file.

Game seed: 7608882984844645529

121 Plasmagod the Covered (level 4, -2/41 HPs)
             Began as a Minotaur Fighter on July 13, 2022.
             Slain by Ijyb
             ... wielding a +0 club
              (4 damage)
             ... on level 3 of the Dungeon.
             The game lasted 00:04:05 (2605 turns).

Plasmagod the Covered (Minotaur Fighter)            Turns: 2605, Time: 00:04:05

Health: -2/41      AC:  0    Str: 21    XL:     4   Next: 77%
Magic:  3/3        EV:  9    Int:  5    God:
Gold:   164        SH:  4    Dex: 11    Spells: 3/3 levels left

rFire   . . .      SeeInvis .   k - +2 war axe (venom)
rCold   . . .      Faith    .   c - +0 buckler
rNeg    . . .      Spirit   .   b - +0 scale mail
rPois   .          Reflect  .   (helmet restricted)
rElec   .          Harm     .   (no cloak)
rCorr   .          Rampage  .   (no gloves)
Will    .....                   (no boots)
Stlth   ..........              (no amulet)
HPRegen 0.13/turn               (no ring)
MPRegen 0.08/turn               (no ring)

@: corroded
A: horns 2, retaliatory headbutt
a: no special abilities


You were on level 3 of the Dungeon.
You visited 1 branch of the dungeon, and saw 3 of its levels.

You collected 164 gold pieces.

Inventory:

Hand Weapons
 a - a +0 war axe
 k - a +2 war axe of venom (weapon)
Armour
 b - a +0 scale mail (worn)
 c - a +0 buckler (worn)
Wands
 h - a wand of iceblast (9)
Scrolls
 f - a scroll of noise {unknown}
 i - a scroll of enchant armour {unknown}
 j - a scroll of blinking
Potions
 d - 2 potions of might
 e - 2 potions of heal wounds {unknown}
 g - a potion of magic {unknown}


   Skills:
 + Level 4.7 Fighting
 + Level 3.8 Axes
 + Level 4.8 Armour
 + Level 0.2 Dodging
 + Level 4.1 Shields


You had 3 spell levels left.
You didn't know any spells.
Your spell library contained the following spells:

 Spells                   Type           Power      Damage    Failure   Level
 Tukima's Dance           Hex            0%         N/A       99%         3
 Anguish                  Hex/Necr       0%         N/A       100%        4
 Enfeeble                 Hex            0%         N/A       100%        7


Dungeon Overview and Level Annotations

Branches:
Dungeon (3/15)

Altars:
Wu Jian

Shops:
D:1 *

Annotations:
D:3 Ijyb


Innate Abilities, Weirdness & Mutations

You have a pair of horns on your head.
You reflexively headbutt those who attack you in melee.


Message History

Natasha hisses angrily.
Natasha mumbles some strange words.
There is an open door here.
The crimson imp hits you but does no damage.
You miss Natasha. You closely miss the crimson imp. Natasha barely misses you.
You furiously retaliate!
You headbutt Natasha. The crimson imp barely misses you.
You furiously retaliate!
You headbutt the crimson imp! You barely miss Natasha.
Your headbutt misses Natasha.
Natasha is lightly wounded.
You closely miss the crimson imp. Natasha claws you. The crimson imp hits you.
Natasha casts a spell at you. The magic dart hits you.
You closely miss Natasha. Your headbutt misses Natasha.
Natasha is lightly wounded.
You barely miss the crimson imp. The crimson imp closely misses you.
You furiously retaliate!
You headbutt the crimson imp!
You kill the crimson imp!
The crimson imp disappears in a puff of smoke!
You block Natasha's attack.
You slash Natasha!
You kill Natasha!
Natasha screams in fury as she dies!
There is an open door here.
Found an escape hatch in the ceiling.
You now have 164 gold pieces (gained 19).
Ijyb the Twisted Goblin comes into view.
She is wielding a +0 club, wearing a +2 leather armour of cold resistance and carrying a wand of acid (9).
Ijyb shouts!
Ijyb grins evilly.
Ijyb zaps a wand.
The bolt of acid hits you! The acid corrodes you!
You slash Ijyb!
Ijyb is moderately wounded.
Ijyb hits you with a +0 club.
You hit Ijyb but do no damage.
Ijyb is poisoned.
Ijyb is moderately wounded.
Ijyb zaps a wand.
The bolt of acid hits you!!
Ouch! That really hurt!
* * * LOW HITPOINT WARNING * * *
The acid corrodes you! Ijyb hits you with a +0 club.
You die...

##########
..#......#
#.#.####.# #.#.#
#.####
##.#.####.#..
#..@....#.#.#
#.g#.##.#.#.#
#..#.##<....#####
#..#.##.........#
...#........###.#
##.#######.#.# #.
#.#... ## #.#
#.##### .##.#
##'## #


You could see Ijyb (very poisoned).

Vanquished Creatures
  Natasha (twice) (D:3)
  An adder (D:3)
  2 worms
  2 dart slugs
  2 orcs (D:3)
  5 bats
  3 endoplasms (D:1)
  5 giant cockroaches
  4 goblins
  5 hobgoblins
  3 jackals (D:1)
  6 ball pythons
  A frilled lizard (D:1)
  5 kobolds
  4 rats
50 creatures vanquished.

Notes
Turn   | Place    | Note
-------+----------+-------------------------------------------
     0 | D:1      | Plasmagod the Minotaur Fighter began the quest for the Orb.
     0 | D:1      | Reached XP level 1. HP: 19/19 MP: 0/0
    91 | D:1      | Reached XP level 2. HP: 24/27 MP: 1/1
   656 | D:1      | Reached XP level 3. HP: 30/33 MP: 2/2
  1042 | D:1      | Found Jywucuy's Assorted Antiques.
  1340 | D:2      | Found a faded altar of an unknown god.
  1404 | D:2      | Found an ornate altar of the Wu Jian Council.
  1910 | D:3      | Noticed Natasha
  1916 | D:3      | Killed Natasha
  1917 | D:3      | Reached XP level 4. HP: 24/41 MP: 3/3
  2517 | D:3      | Noticed Natasha
  2524 | D:3      | Killed Natasha
  2601 | D:3      | Noticed Ijyb
  2605 | D:3      | HP: 2/41 [Ijyb/bolt of acid (23)]
  2605 | D:3      | Slain by Ijyb

Illustrated notes

Levels and vault maps discovered:
D:1:      erik_arrival_cave_to_civilisation [erik_arrival_cave_to_hall],
          layout_basic, serial_shops, nicolae_shop_hallway_plus
D:2:      layout_basic, basic_ecumenical_altar, basic_altar
D:3:      layout_loops_corners, uniq_ijyb, uniq_natasha

Skill      XL: |  1  2  3 |
---------------+----------+-----
Armour         | 4 |  4.8
Fighting       | 4 |  4.7
Shields        | 4 |  4.1
Axes           | 3 |  3.8
Dodging        | |  0.2

Action                   |  1- 3 |  4- 6 || total
-------------------------+-------+-------++-------
Melee: War axe           |   102 |    14 ||   116
       Headbutt          |    14 |     5 ||    19
  Use: Scroll            |     2 |       ||     2
Armor: Scale mail        |    43 |     2 ||    45
Dodge: Dodged            |    37 |     5 ||    42
Block: Buckler           |    23 |     4 ||    27
